 Dungeon Crawl Stone Soup version 0.18-a0-1702-gd20c6a5 (webtiles) character file.

4946 4thArraOfDagon the Cleaver (level 10, -13/139 HPs)
             Began as a Hill Orc Berserker on Apr 6, 2016.
             Was a Priest of Trog.
             Mangled by Snorg (16 damage)
             ... on level 2 of the Orcish Mines.
             The game lasted 00:11:06 (2284 turns).

4thArraOfDagon the Cleaver (Hill Orc Berserker)     Turns: 2284, Time: 00:11:06

Health: -13/139    AC: 15    Str: 26    XL:     10   Next: 52%
Magic:  10/11      EV:  8    Int:  7    God:    Trog [***...]
Gold:   503        SH:  0    Dex: 10    Spells: 0 memorised, 9 levels left

rFire  . . .     SeeInvis .     t - +0 battleaxe (curse)
rCold  . . .     Gourm    .     u - +0 plate armour
rNeg   . . .     Faith    .     (shield currently unavailable)
rPois  .         Spirit   .     e - +0 helmet
rElec  .         Dismiss  .     (no cloak)
rCorr  .         Reflect  .     (no gloves)
SustAt .         Harm     .     (no boots)
MR     +....                    (no amulet)
Stlth  ..........               B - ring of protection from magic
                                r - -3 ring of strength (curse)

@: berserking (expiring), very quick, somewhat resistant to hostile
enchantments, extremely unstealthy
A: no striking features
a: Berserk, Trog's Hand, Burn Spellbooks, Renounce Religion


You were on level 2 of the Orcish Mines.
You worshipped Trog.
Trog was most pleased with you.
You were hungry.

You visited 2 branches of the dungeon, and saw 11 of its levels.

You collected 503 gold pieces.

Inventory:

Hand Weapons
 n - a +0 war axe
 t - a cursed +0 battleaxe (weapon)
 L - a +0 war axe of flaming
Armour
 e - a +0 helmet (worn)
 u - a +0 plate armour (worn)
 D - a +2 shield
Jewellery
 r - a cursed -3 ring of strength (left hand)
 B - a ring of protection from magic (right hand)
Wands
 s - a wand of enslavement (9/24)
 v - a wand of acid (9/15)
 I - a wand of iceblast (2/15)
Scrolls
 a - 2 scrolls of teleportation
 h - a scroll of enchant armour {unknown}
 j - 4 scrolls of identify {unknown}
 l - 2 scrolls of remove curse {unknown}
 o - a scroll of immolation {unknown}
 p - a scroll of noise {unknown}
 q - a scroll of amnesia {unknown}
 w - a scroll of fog {unknown}
 y - a scroll of enchant weapon {unknown}
 z - 2 scrolls of recharging {unknown}
 C - 3 scrolls of fear {unknown}
 E - a scroll of magic mapping {unknown}
 G - a scroll of blinking {unknown}
 J - a scroll of torment {unknown}
Potions
 g - a potion of mutation {unknown}
 i - a potion of resistance
 k - a potion of brilliance {unknown}
 m - 2 potions of heal wounds
 x - a potion of cure mutation {unknown}
 A - a potion of degeneration {unknown}
 F - a potion of curing
 H - a potion of agility {unknown}
 K - a potion of might {unknown}
Comestibles
 b - 3 meat rations
 c - 2 bread rations
 d - 3 chunks of flesh
 f - 2 slices of pizza


   Skills:
 + Level 9.8 Fighting
 * Level 13.8 Axes
 + Level 8.6 Armour
 - Level 1.5 Dodging
 + Level 1.4 Evocations


You had 9 spell levels left.
You didn't know any spells.

Dungeon Overview and Level Annotations

Branches:
Dungeon (9/15)                Orc (2/2) D:9             Elf (0/3) Orc:2
 Temple: D:4-7         Lair: D:8-11

Altars:
Dithmenos
Elyvilon
Vehumet
Beogh

Shops:
D:9 *

Annotations:
D:8 4thArraOfDagon's ghost, novice HOBe
Orc:2 4thArraOfDagon's ghost, journeyman HOBe; Snorg


Message History

Unknown command.
Unknown command.
Unknown command.
You slash Snorg!
Snorg is severely wounded.
Snorg bites you.
* * * LOW HITPOINT WARNING * * *
Snorg claws you but does no damage. x2; Your ogre closely misses Snorg.
Unknown command.
Unknown command.
Unknown command.
Unknown command.
Snorg rages.
Unknown command.
Unknown command.
Unknown command.
You barely miss Snorg.
Snorg is severely wounded.
Your ogre barely misses Snorg.
Snorg bites you!
You die...

### ## ###.## #
##.###....#.#.#..
#...#...@T)......
#......$O..#....
##.......).# .
#..............
##.##.#........
## ###.........
##.....$..
#...#.... .....$.


You could see Snorg (berserk) and a friendly ogre (berserk).

Vanquished Creatures
  A deep elf mage (D:8)
  A troll (D:8)
  Sigmund (D:3)
  A wyvern (D:9)
  5 yaks (D:9)
  A vampire (D:9)
  A warg (Orc:1)
  A sky beast (D:9)
  An ice beast (D:9)
  5 orc warriors
  An eye of draining (D:9)
  2 ogres
  3 centaurs
  A giant frog (D:9)
  3 gnoll sergeants
  2 scorpions
  A wyvern skeleton (D:9)
  3 wights (D:8)
  3 crimson imps
  An electric eel (D:9)
  A quasit (D:9)
  4 hounds
  A jelly (D:8)
  4 orc priests (D:9)
  7 orc wizards
  Natasha (D:3)
  Ijyb (D:2)
  2 worker ants
  Robin (D:2)
  13 gnolls
  4 adders
  A howler monkey skeleton (D:6)
  An adder skeleton (D:8)
  2 worms (D:2)
  A dart slug (D:1)
  A giant gecko (D:6)
  43 orcs
  2 giant cockroaches
  14 goblins
  5 hobgoblins (D:2)
  2 jackals (D:9)
  A quokka (D:8)
  A bat (D:3)
  3 giant newts
  3 kobolds
  2 rats (D:1)
159 creatures vanquished.

Vanquished Creatures (collateral kills)
  An orc knight (Orc:2)
  An orc warrior (Orc:2)
  An orc (Orc:2)
3 creatures vanquished.

Vanquished Creatures (others)
  2 scorpions (D:8)
  A quasit (D:8)
  A worker ant (D:8)
  A giant cockroach (D:8)
5 creatures vanquished.

Grand Total: 167 creatures vanquished

Notes
Turn   | Place    | Note
--------------------------------------------------------------
     0 | D:1      | 4thArraOfDagon the Hill Orc Berserker began the quest for the Orb.
     0 | D:1      | Reached XP level 1. HP: 19/19 MP: 1/1
    58 | D:2      | Noticed Robin
    63 | D:2      | Reached XP level 2. HP: 27/27 MP: 2/2
    67 | D:2      | Reached XP level 3. HP: 20/33 MP: 3/3
    70 | D:2      | Reached skill level 5 in Axes
    71 | D:2      | Reached ** piety under Trog
    78 | D:2      | Killed Robin
   196 | D:2      | Noticed Ijyb
   202 | D:2      | Killed Ijyb
   202 | D:2      | Reached XP level 4. HP: 24/41 MP: 4/4
   296 | D:3      | Reached skill level 6 in Axes
   296 | D:3      | Reached XP level 5. HP: 33/47 MP: 5/5
   338 | D:3      | Noticed Sigmund
   354 | D:3      | Killed Sigmund
   354 | D:3      | Reached skill level 5 in Fighting
   354 | D:3      | Reached skill level 7 in Axes
   354 | D:3      | Reached XP level 6. HP: 29/56 MP: 6/6
   385 | D:3      | Noticed Natasha
   400 | D:3      | Killed Natasha
   519 | D:4      | Found a shadowy altar of Dithmenos.
   534 | D:5      | Entered Level 5 of the Dungeon
   628 | D:5      | Found a white marble altar of Elyvilon.
   670 | D:5      | Reached skill level 8 in Axes
   670 | D:5      | Reached XP level 7. HP: 20/62 MP: 7/7
   753 | D:6      | HP: 4/93 [ogre/giant spiked club (25)]
   956 | D:6      | Reached skill level 9 in Axes
  1029 | D:7      | Reached skill level 5 in Armour
  1029 | D:7      | Reached XP level 8. HP: 58/71 MP: 8/8
  1148 | D:8      | Noticed 4thArraOfDagon's ghost (novice HOBe)
  1271 | D:8      | Reached skill level 10 in Axes
  1305 | D:8      | Noticed a troll
  1375 | D:8      | Killed a troll
  1404 | D:8      | Noticed a deep elf mage
  1412 | D:8      | Killed a deep elf mage
  1412 | D:8      | Reached *** piety under Trog
  1412 | D:8      | Reached skill level 11 in Axes
  1412 | D:8      | Reached XP level 9. HP: 56/81 MP: 9/9
  1487 | D:9      | Found Ynaur's Elemental Accessories.
  1539 | D:9      | Reached skill level 12 in Axes
  1569 | D:9      | Reached XP level 10. HP: 41/91 MP: 10/10
  1675 | D:9      | Reached skill level 13 in Axes
  1746 | D:9      | Found a radiant altar of Vehumet.
  1851 | D:9      | Found a roughly hewn altar of Beogh.
  1851 | D:9      | Found a staircase to the Orcish Mines.
  2076 | Orc:1    | Entered Level 1 of the Orcish Mines
  2114 | Orc:1    | Reached **** piety under Trog
  2214 | Orc:2    | Entered Level 2 of the Orcish Mines
  2215 | Orc:2    | Found a staircase to the Elven Halls.
  2216 | Orc:2    | Noticed 4thArraOfDagon's ghost (journeyman HOBe)
  2262 | Orc:2    | Noticed Snorg
  2262 | Orc:2    | Noticed an orc knight
  2274 | Orc:2    | Killed an orc knight
  2274 | Orc:2    | Reached skill level 1 in Evocations
  2281 | Orc:2    | HP: 5/139 [Snorg (10)]
  2284 | Orc:2    | Mangled by Snorg

Vault maps used:
D:1:      onia_arrival_handbag, kennysheep_decorative_pillar,
          hangedman_decor_push
D:2:      nicolae_ru_great_annihilating_truth, first_bread, uniq_robin,
          uniq_iyjb
D:3:      minmay_misc_feat_more_columns, uniq_natasha, uniq_sigmund,
          uniq_jessica
D:4:      kennysheep_mini, minmay_temple_entry_trees, serial_park_tiny_1,
          minmay_stone_trees_small, minmay_misc_feat_x
D:5:      kennysheep_little_box
D:7:      nicolae_overflow_crystal_walls, cheibriados_altar_1
D:8:      xom_confusion_cloud, lemuel_crystal_altar, minmay_misc_feat_tiny,
          uniq_psyche
D:9:      lemuel_round_altar, david_orc_5, serial_bayou, serial_bayou_lake_a,
          serial_bayou_pond_e, serial_bayou_pond_a, serial_bayou_pond_a,
          nicolae_elemental_shop
Orc:1:    serial_shops, nicolae_shop_window_shopping, uniq_urug
Orc:2:    st_orc_rangers, abandoned_shop, uniq_rupert, uniq_snorg, uniq_nessos

Skill      XL: |  1  2  3  4  5  6  7  8  9 10 |
---------------+-------------------------------+-----
Fighting       | 4 5 6 8 9 |  9.8
Axes           | 5 6 7 8 9 11 12 13 | 13.8
Armour         | 3 4 5 6 7 8 |  8.6
Evocations     | 1 |  1.4
Dodging        | |  1.5

Action                   |  1- 3 |  4- 6 |  7- 9 | 10-12 || total
-------------------------+-------+-------+-------+-------++-------
Melee: Hand axe          |    37 |    33 |       |       ||    70
       War axe           |       |    33 |    17 |       ||    50
       Battleaxe         |       |       |   131 |   135 ||   266
Invok: Berserk           |     4 |     2 |     8 |     6 ||    20
       Trog's Hand       |       |     4 |     6 |     7 ||    17
       Brothers in Arms  |       |       |       |     1 ||     1
Evoke: Wand              |       |       |       |     2 ||     2
  Use: Potion            |     2 |       |     1 |       ||     3
       Scroll            |       |       |       |     1 ||     1
  Eat: Chunk             |     1 |     5 |    11 |    10 ||    27
